 Dungeon Sprint DCSS version 0.21-a0-49-g7bf2ba4 (webtiles) character file.

14046 Kidiri the Grappler (level 11, -4/124 (126) HPs)
             Began as a Troll Monk on June 10, 2017.
             Was the Champion of Wu Jian.
             Succumbed to poison (dark miasma)
             ... in the Dungeon (Sprint III: "The Ten Rune Challenge").
             The game lasted 00:16:53 (1962 turns).

Kidiri the Grappler (Troll Monk)                    Turns: 1962, Time: 00:16:53

HP:   -4/124 (126)  AC: 10    Str: 21    XL:     11   Next: 83%
MP:   10/10         EV: 18    Int:  6    God:    Wu Jian [******]
Gold: 7440          SH:  0    Dex: 15    Spells: 10/10 levels left

rFire    . . .     SeeInvis .     - Unarmed
rCold    . . .     Gourm    +   (no shield)
rNeg     + . .     Faith    .   t - +2 robe {rN+}
rPois    .         Spirit   .   (helmet restricted)
rElec    .         Reflect  .   (no cloak)
rCorr    .         Harm     .   (gloves unavailable)
MR       .....     NoTele   +   (boots unavailable)
Stlth    ++++......             (no amulet)
Regen    0.0/turn               (no ring)
MPRegen  0.2/turn               (no ring)

@: lethally poisoned (-4 -> -134), non-regenerating, diseased, slowed, very slow
A: unfitting armour, claws 3, molten scales 1, rugged brown scales 1, fast
metabolism 3, gourmand, regeneration 1, shaggy fur 1, tough skin 2, sturdy frame
1
a: Serpent's Lash, Heavenly Storm, Renounce Religion


You were in the Dungeon.
You worshipped Wu Jian.
Wu Jian was exalted by your worship.
You were completely stuffed.

You visited 1 branch You collected 7440 gold pieces.

Inventory:

Missiles
 a - 9 throwing nets
 g - 6 javelins (quivered)
Armour
 t - a +2 robe of positive energy (worn)
Scrolls
 h - a scroll of blinking
 j - a scroll of holy word
 l - a scroll of magic mapping {unknown}
 o - a scroll of immolation {unknown}
 p - 2 scrolls of remove curse {unknown}
Potions
 c - 2 potions of curing
 d - a potion of heal wounds
 e - a potion of haste
 f - 2 potions of magic
 n - 2 potions of flight
 r - a potion of might
 s - 3 potions of mutation
Books
 i - a book of Cantrips

   Spells                             Type                      Level
   a - Confusing Touch                Hexes                        1
   b - Animate Skeleton               Necromancy                   1
   c - Summon Small Mammal            Summoning                    1
   d - Apportation                    Translocation                1
Comestibles
 b - 2 bread rations
 m - a meat ration
 q - 25 royal jellies


   Skills:
 * Level 12.0 Fighting
 + Level 6.0 Throwing
 + Level 8.5 Armour
 * Level 12.0 Dodging
 * Level 9.4 Stealth
 * Level 14.0 Unarmed Combat


You had 10 spell levels left.
You didn't know any spells.

Dungeon Overview and Level Annotations

Branches:
Dungeon (1/1)

Altars:
Cheibriados
Dithmenos
Elyvilon
Fedhas
Gozag
Hepliaklqana
Kikubaaqudgha
Makhleb
Nemelex Xobeh
Okawaru
Qazlal
Ru
Sif Muna
Trog
Uskayaw
Vehumet
Wu Jian
Xom
Yredelemnul
Zin
The Shining One
Beogh
Jiyva
Lugonu

Shops:
D (

Annotations:
D exclusion: 3 doors


Innate Abilities, Weirdness & Mutations

You are too large for most types of armour.
You have claws for hands.
Your metabolism is lightning-fast.
You like to eat raw meat.
Your natural rate of healing is unusually fast.
You are covered in fur. (AC +1)
You have very tough skin. (AC +2)
You are partially covered in molten scales. (AC +2)
You are partially covered in rugged brown scales. (AC +1, +3% HP)
Your movements are slightly less encumbered by armour. (ER -2)


Message History

There's nothing to close nearby.
Unknown command.
A skeletal warrior comes into view. It is wielding a war axe of chopping.
You are engulfed in dark miasma.
You are more poisoned.
You feel as though you will be slow longer.
* * * LOW HITPOINT WARNING * * *
You feel extremely sick.
There's nothing to close nearby.
Unknown command.
You are engulfed in dark miasma.
You are more poisoned.
* * * LOW HITPOINT WARNING * * *
You feel extremely sick. The rust devil closely misses you.
You close the door.
You are engulfed in dark miasma.
You are more poisoned.
You feel your flesh rotting away!
You feel ill.
* * * LOW HITPOINT WARNING * * *
You die...

#.).#.≈≈§≈#
#...#.#§§≈# +
#####.# ≈§≈#
# #...P.#
≈§≈≈ #
#§.)oP# ≈≈≈ #
#§§§§.# ##≈≈
#§§§..# .§# §
#§#####§.§###
#§.§4@+...§z#
#§###########
#.# #§# #§#
#.# #.# #.


You could see a rust devil.

Vanquished Creatures
  Dowan (D)
  Erolcha (D)
  An orc high priest (D)
  Urug (D)
  A lindwurm (D)
  6 deep elf magi (D)
  Duvessa (D)
  2 spiny frogs (D)
  A rime drake (D)
  A komodo dragon (D)
  3 wandering mushrooms (D)
  A queen bee (D)
  2 tyrant leeches (D)
  5 blink frogs (D)
  5 redbacks (D)
  A shadow (D)
  A spatial vortex (D)
  A swamp drake (D)
  4 orc warriors (D)
  A necrophage (D)
  5 two-headed ogres (D)
  A water elemental (D)
  A scorpion (D)
  32 killer bees (D)
  A jelly (D)
  A wizard (D)
  Jessica (D)
  A necromancer (D)
  3 orc wizards (D)
  3 humans (D)
  A kobold demonologist (D)
  An ooze (D)
  9 orcs (D)
  3 rats (D)
103 creatures vanquished.

Vanquished Creatures (others)
  2 draconian scorchers (D)
  6 hellions (D)
  2 yaktaurs (D)
  2 orc high priests (D)
  An orc priest (D)
  7 plants (D)
20 creatures vanquished.

Grand Total: 123 creatures vanquished

Notes
Turn   | Place    | Note
-------+----------+-------------------------------------------
     0 | D        | Kidiri the Troll Monk began the quest for the Orb.
     0 | D        | Reached XP level 1. HP: 22/22 MP: 0/0
    54 | D        | Noticed Jessica
    61 | D        | Killed Jessica
    61 | D        | Reached skill level 1 in Armour
    61 | D        | Reached skill level 4 in Unarmed Combat
    61 | D        | Reached XP level 2. HP: 28/31 MP: 1/1
    61 | D        | Reached XP level 3. HP: 34/37 MP: 2/2
    68 | D        | Noticed a scorpion
    80 | D        | Killed a scorpion
    80 | D        | Reached XP level 4. HP: 32/48 MP: 3/3
    91 | D        | Killed a hellion
    94 | D        | Killed a hellion
   102 | D        | Killed a hellion
   115 | D        | Killed a yaktaur
   126 | D        | Killed a hellion
   126 | D        | Killed a hellion
   127 | D        | Killed a hellion
   143 | D        | Reached skill level 5 in Unarmed Combat
   162 | D        | Gained mutation: You are partially covered in large bone plates. (SH +4) [potion of mutation]
   162 | D        | Gained mutation: You are agile. (Dex +2) [potion of mutation]
   163 | D        | Lost mutation: You are partially covered in large bone plates. (SH +4) [potion of mutation]
   163 | D        | Lost mutation: You are agile. (Dex +2) [potion of mutation]
   163 | D        | Gained mutation: You are partially covered in molten scales. (AC +2) [potion of mutation]
   163 | D        | Gained mutation: You are partially covered in rugged brown scales. (AC +1, +3% HP) [potion of mutation]
   163 | D        | Gained mutation: Your movements are slightly less encumbered by armour. (ER -2) [potion of mutation]
   172 | D        | Noticed a water elemental
   180 | D        | Killed a water elemental
   180 | D        | Reached XP level 5. HP: 12/56 MP: 4/4
   182 | D        | Killed a white draconian scorcher
   256 | D        | Found an ornate altar of the Wu Jian Council.
   256 | D        | Found an iron altar of Okawaru.
   257 | D        | Found a roughly hewn altar of Beogh.
   257 | D        | Found a bloodstained altar of Trog.
   257 | D        | Found a hide-covered altar of Uskayaw.
   257 | D        | Noticed a human
   257 | D        | Noticed a human
   259 | D        | Became a worshipper of the Wu Jian Council
   259 | D        | Reached * piety under Wu Jian
   259 | D        | Reached ** piety under Wu Jian
   263 | D        | Killed a human
   263 | D        | Reached skill level 5 in Fighting
   263 | D        | Reached skill level 5 in Dodging
   263 | D        | Reached skill level 6 in Unarmed Combat
   263 | D        | Reached XP level 6. HP: 61/67 MP: 5/5
   267 | D        | Killed a human
   267 | D        | Reached skill level 7 in Unarmed Combat
   280 | D        | Killed a white draconian scorcher
   316 | D        | Found a radiant altar of Vehumet.
   317 | D        | Found a deep blue altar of Sif Muna.
   317 | D        | Found an ancient bone altar of Kikubaaqudgha.
   320 | D        | Noticed a soul eater
   323 | D        | Reached *** piety under Wu Jian
   378 | D        | Found a glowing silver altar of Zin.
   379 | D        | Found a glowing golden altar of the Shining One.
   379 | D        | Found a white marble altar of Elyvilon.
   379 | D        | Noticed a deep elf mage
   387 | D        | Killed a deep elf mage
   387 | D        | Reached skill level 5 in Stealth
   387 | D        | Reached skill level 8 in Unarmed Combat
   387 | D        | Reached XP level 7. HP: 80/80 MP: 6/6
   400 | D        | Found a shadowy altar of Dithmenos.
   403 | D        | Found a basalt altar of Yredelemnul.
   403 | D        | Found a sacrificial altar of Ru.
   447 | D        | Reached skill level 9 in Unarmed Combat
   447 | D        | Reached XP level 8. HP: 73/89 MP: 7/7
   478 | D        | Reached **** piety under Wu Jian
   505 | D        | Found a blossoming altar of Fedhas.
   505 | D        | Found a stormy altar of Qazlal.
   505 | D        | Found a snail-covered altar of Cheibriados.
   505 | D        | Found a burning altar of Makhleb.
   505 | D        | Found a shimmering altar of Xom.
   506 | D        | Found a hazy altar of Hepliaklqana.
   506 | D        | Found an opulent altar of Gozag.
   506 | D        | Found a sparkling altar of Nemelex Xobeh.
   506 | D        | Found a corrupted altar of Lugonu.
   506 | D        | Found a viscous altar of Jiyva.
   520 | D        | Reached skill level 5 in Armour
   636 | D        | Noticed a two-headed ogre
   642 | D        | Killed a two-headed ogre
   642 | D        | Reached skill level 10 in Unarmed Combat
   680 | D        | Noticed a two-headed ogre
   680 | D        | Noticed Erolcha
   685 | D        | Killed a two-headed ogre
   685 | D        | Reached ***** piety under Wu Jian
   685 | D        | Reached XP level 9. HP: 84/99 MP: 8/8
   687 | D        | Killed Erolcha
   716 | D        | Reached skill level 11 in Unarmed Combat
   832 | D        | Reached skill level 1 in Throwing
   840 | D        | Reached ****** piety under Wu Jian
   846 | D        | Reached XP level 10. HP: 69/112 MP: 9/9
   889 | D        | Reached skill level 10 in Fighting
   907 | D        | Reached skill level 10 in Dodging
   998 | D        | Reached skill level 12 in Unarmed Combat
  1010 | D        | Noticed a spiny frog
  1010 | D        | Noticed a spiny frog
  1011 | D        | Killed a spiny frog
  1013 | D        | Killed a spiny frog
  1188 | D        | Noticed a lindwurm
  1199 | D        | Killed a lindwurm
  1281 | D        | Noticed Urug
  1282 | D        | Killed Urug
  1282 | D        | Reached XP level 11. HP: 122/122 MP: 10/10
  1340 | D        | Reached skill level 13 in Unarmed Combat
  1492 | D        | Found Huasuur's Weapon Emporium.
  1492 | D        | Noticed an orc high priest
  1518 | D        | Killed an orc high priest
  1518 | D        | Reached skill level 5 in Throwing
  1628 | D        | Noticed a deep elf mage
  1628 | D        | Noticed a deep elf mage
  1628 | D        | Noticed a deep elf mage
  1628 | D        | Noticed a deep elf mage
  1628 | D        | Noticed a deep elf mage
  1637 | D        | Killed a deep elf mage
  1638 | D        | Killed a deep elf mage
  1645 | D        | Killed a deep elf mage
  1651 | D        | Killed a deep elf mage
  1669 | D        | Killed a deep elf mage
  1678 | D        | Noticed a deep elf mage
  1799 | D        | Noticed Dowan
  1799 | D        | Noticed Duvessa
  1806 | D        | Killed Dowan
  1810 | D        | Killed Duvessa
  1810 | D        | Reached skill level 14 in Unarmed Combat
  1960 | D        | Noticed a skeletal warrior
  1962 | D        | Succumbed to poison (dark miasma)

Vault maps used:
D:        dungeon_sprint_mu

Skill      XL: |  1  2  3  4  5  6  7  8  9 10 11 |
---------------+----------------------------------+-----
Fighting       | 3 4 5 7 8 9 10 12 | 12.0
Armour         | 1 2 3 4 5 6 7 8 |  8.5
Dodging        | 3 4 5 7 8 9 10 12 | 12.0
Stealth        | 2 3 5 6 7 8 9 |  9.4
Unarmed Combat | 4 5 6 8 9 10 11 12 14 | 14.0
Throwing       | 1 4 6 |  6.0

Action                   |  1- 3 |  4- 6 |  7- 9 | 10-12 || total
-------------------------+-------+-------+-------+-------++-------
Melee: Unarmed           |    16 |    29 |    81 |   187 ||   313
       Punch             |     1 |       |     5 |    13 ||    19
Throw: Javelin           |       |       |       |     3 ||     3
Invok: Serpent's Lash    |       |       |     1 |     7 ||     8
       Heavenly Storm    |       |       |     1 |     4 ||     5
  Use: Potion            |       |     3 |       |       ||     3
       Scroll            |       |     2 |       |       ||     2
 Stab: Sleeping          |     1 |     3 |     6 |     8 ||    18
  Eat: Chunk             |     1 |     8 |     3 |    12 ||    24
Armor: Robe              |     3 |     4 |     6 |    21 ||    34
Dodge: Dodged            |     5 |     9 |    50 |    75 ||   139
